 Dungeon Crawl Stone Soup version 0.19-a0-821-gf489216 (webtiles) character file.

161 4thArraOfDagon the Slasher (level 4, -4/38 HPs)
             Began as a Demigod Fighter on June 29, 2016.
             Splashed by a jelly's acid (8 damage)
             ... on level 5 of the Dungeon.
             The game lasted 00:03:57 (724 turns).

4thArraOfDagon the Slasher (Demigod Fighter)         Turns: 724, Time: 00:03:58

Health: -4/38      AC:  0    Str: 19    XL:     4   Next: 98%
Magic:  6/6        EV:  7    Int: 12    God:
Gold:   90         SH:  9    Dex: 17    Spells: 0 memorised, 3 levels left

rFire  . . .     SeeInvis .     a - +0 long sword
rCold  . . .     Gourm    .     b - +0 scale mail
rNeg   . . .     Faith    .     c - +0 shield
rPois  .         Spirit   .     (no helmet)
rElec  .         Dismiss  .     (no cloak)
rCorr  .         Reflect  .     g - +0 pair of gloves
SustAt +         Harm     .     (no boots)
MR     .....                    (no amulet)
Stlth  ..........               (no ring)
                                (no ring)

@: corroded, not resistant to hostile enchantments, extremely unstealthy
A: high mp 1, sustain attributes
a: no special abilities


You were on level 5 of the Dungeon.
You were not hungry.

You visited 1 branch of the dungeon, and saw 5 of its levels.
You also visited: Ossuary.

You collected 90 gold pieces.

Inventory:

Hand Weapons
 a - a +0 long sword (weapon)
Armour
 b - a +0 scale mail (worn)
 c - a +0 shield (worn)
 g - a +0 pair of gloves (worn)
Scrolls
 d - 3 scrolls of identify
 e - 2 scrolls of recharging {unknown}
 j - a scroll of blinking {unknown}
Potions
 i - a potion of degeneration
Comestibles
 f - a bread ration
 h - a meat ration


   Skills:
 + Level 3.4 Fighting
 * Level 3.5 Long Blades
 + Level 3.3 Armour
 + Level 1.2 Dodging
 - Level 2.6 Shields


You had 3 spell levels left.
You didn't know any spells.

Dungeon Overview and Level Annotations

Branches:
Dungeon (5/15)
 Temple: D:4-7

Shops:
D:4 =


Innate Abilities, Weirdness & Mutations

You have an increased reservoir of magic. (+10% MP)
Your attributes are resistant to harm.


Message History

You are too injured to fight recklessly!
You completely miss the jelly.
The jelly is almost dead.
The jelly hits you but does no damage.
Unknown command.
You hit the jelly but do no damage.
Your hands burn!
* * * LOW HITPOINT WARNING * * *
The jelly is almost dead.
The jelly barely misses you.
You riposte.
You hit the jelly. The acid corrodes you!
Your hands burn!
* * * LOW HITPOINT WARNING * * *
The jelly is almost dead.
The jelly barely misses you.
Unknown command.
Your shield and scale mail prevent you from hitting the jelly.
The jelly is almost dead.
The jelly hits you.
* * * LOW HITPOINT WARNING * * *
You are splashed with acid!
The acid corrodes you!
The acid burns!
You die...

########
#...@J.#
#.####.#
.# .# ..
.. ...
..#


You could see a jelly.

Vanquished Creatures
  2 iguanas (D:4)
  A worker ant (D:4)
  2 hound skeletons (D:4)
  An adder (D:4)
  A howler monkey skeleton (D:4)
  An adder zombie (Ossuary)
  5 orcs (D:4)
  A bat (D:1)
  3 giant cockroaches
  A goblin (D:2)
  4 hobgoblins
  A quokka (D:4)
  5 hobgoblin zombies (Ossuary)
  A jackal skeleton (D:4)
  A kobold (D:2)
  5 kobold zombies (Ossuary)
  5 orc zombies (Ossuary)
  A rat (D:2)
41 creatures vanquished.

Notes
Turn   | Place    | Note
--------------------------------------------------------------
     0 | D:1      | 4thArraOfDagon the Demigod Fighter began the quest for the Orb.
     0 | D:1      | Reached XP level 1. HP: 18/18 MP: 3/3
   121 | D:2      | Reached XP level 2. HP: 20/25 MP: 4/4
   226 | D:4      | Reached XP level 3. HP: 29/31 MP: 5/5
   246 | D:4      | jacquesderrida: reeeee
   275 | D:4      | Reached XP level 4. HP: 15/38 MP: 6/6
   291 | D:4      | Found Tudiogij's Jewellery Shoppe.
   412 | D:4      | Reached skill level 1 in Dodging
   428 | D:4      | jacquesderrida: wew
   445 | D:5      | Entered Level 5 of the Dungeon
   447 | D:5      | HP: 1/38 [poisoned by a worker ant]
   499 | D:4      | Found a sand-covered staircase.
   571 | Ossuary  | Entered an ossuary
   700 | D:4      | murphy: how do u get this picture for your char?
   717 | D:5      | bad
   724 | D:5      | Splashed by a jelly's acid

Vault maps used:
D:1:      mrwooster_arrival_arrow
D:2:      lemuel_upstairs_altar, lemuel_round_altar, uniq_terence
D:3:      elyvilon_altar_4, fountainhead
D:4:      nicolae_ossuary_entry_false_entrances, first_bread, serial_shops, shop
D:5:      grunt_temple_overflow_order_and_chaos_2, gammafunk_pakellas_its_alive,
          old_standard_altar, uniq_crazy_yiuf_cottage
Ossuary:  ossuary_tomb_1

Skill      XL: |  1  2  3  4 |
---------------+-------------+-----
Long Blades    | 2 3 |  3.5
Fighting       | 3 |  3.4
Armour         | 3 |  3.3
Dodging        | 1 |  1.2
Shields        | |  2.6

Action                   |  1- 3 |  4- 6 || total
-------------------------+-------+-------++-------
Melee: Long sword        |    68 |    89 ||   157
  Use: Scroll            |     1 |     1 ||     2
       Potion            |     1 |     2 ||     3
Armor: Scale mail        |    18 |    29 ||    47
Dodge: Dodged            |    13 |    17 ||    30
Block: Shield            |    30 |    36 ||    66
